 Dungeon Crawl Stone Soup version 0.16.2-12-gd0ad4c3 (webtiles) character file.

397384 Razmath the Executioner (level 23, -21/153 HPs)
             Began as a Gargoyle Fighter on Oct 4, 2015.
             Was the Champion of the Shining One.
             Killed from afar by a frost giant (72 damage)
             ... with a bolt of cold
             ... on level 4 of the Vaults on Oct 5, 2015.
             The game lasted 03:29:43 (52461 turns).

Razmath the Executioner (Gargoyle Fighter)         Turns: 52461, Time: 03:29:43

Health: -21/153    AC: 62    Str: 35    XL:     23   Next: 23%
Magic:  37/37      EV: 12    Int: 12    God:    the Shining One [******]
Gold:   703        SH:  0    Dex: 21    Spells: 1 memorised, 21 levels left

rFire  . . .     SeeInvis .     J - +4 executioner's axe (freeze)
rCold  x . .     Clarity  .     x - +0 crystal plate armour of Okawaru's Indignation {+Inv rPois rC- Str+3}
rNeg   + + +     SustAb   .     (no shield)
rPois  ∞         Gourm    .     T - +2 helmet "Orig" {Contam MR+ Int+3 Slay+2 Stlth-}
rElec  +         Spirit   .     a - +0 cloak of the Elven Halls {Str+3}
rCorr  .         Warding  .     E - +1 pair of gloves of the Lair of Beasts {Dex+6}
rMut   +         Stasis   .     V - +2 pair of boots {Stlth+}
MR     ++...                    A - amulet of resist mutation
Stlth  ..........               u - +5 ring of protection
                                D - ring "Straasump" {AC+4 Dex+5}

@: flying, glowing, studying Maces & Flails, very resistant to hostile
enchantments, extremely unstealthy
A: able to fly continuously, big wings, negative energy resistance 1,
electricity resistance, unbreathing, petrification resistance, rot immunity, AC
+17
a: Stop Flying, Divine Shield, Cleansing Flame, Summon Divine Warrior, Renounce
Religion, Evoke Invisibility
}: 2/15 runes: decaying, serpentine


You were on level 4 of the Vaults.
You worshipped the Shining One.
The Shining One was exalted by your worship.
You were not hungry.

You visited 9 branches of the dungeon, and saw 46 of its levels.
You visited the Abyss 1 time.
You also visited: Labyrinth and Ice Cave.

You collected 5754 gold pieces.
You spent 5051 gold pieces at shops.

Inventory:

Hand weapons
 w - a +9 broad axe of electrocution
 J - a +4 executioner's axe of freezing (weapon)
 R - a +2 long sword of flaming
Armour
 a - the +0 cloak of the Elven Halls (worn) {Str+3}
   (Okawaru gifted it to you on level 8 of the Lair of Beasts)

   It affects your strength (+3).
 x - the +0 crystal plate armour of Okawaru's Indignation (worn) {+Inv rPois rC- Str+3}
   (Okawaru gifted it to you on level 3 of the Elven Halls)

   It affects your strength (+3).
   It makes you vulnerable to cold.
   It protects you from poison.
   It lets you turn invisible.
 E - the +1 pair of gloves of the Lair of Beasts (worn) {Dex+6}
   (You found it on level 1 of the Elven Halls)

   It affects your dexterity (+6).
 T - the +2 helmet "Orig" (worn) {Contam MR+ Int+3 Slay+2 Stlth-}
   (You acquired it on level 3 of the Swamp)

   It affects your intelligence (+3).
   It affects your accuracy and damage with ranged weapons and melee attacks
   (+2).
   It affects your resistance to hostile enchantments.
   It causes magical contamination when unequipped.
   It makes you less stealthy.
 V - a +2 pair of boots of stealth (worn)
Rods
 b - a +6 rod of inaccuracy (9/9)
   (You found it in a labyrinth)
 h - a +9 iron rod (17/17)
   (You found it on level 6 of the Lair of Beasts)
 B - a +1 lightning rod (16/16)
   (You found it in a labyrinth)
Jewellery
 l - an uncursed ring of protection from fire
 r - an uncursed ring of see invisible
 u - a +5 ring of protection (right hand)
 A - an amulet of resist mutation (around neck)
 D - the ring "Straasump" (left hand) {AC+4 Dex+5}
   (You bought it in a shop on level 2 of the Orcish Mines)

   [ring of protection]

   It affects your AC (+4).
   It affects your dexterity (+5).
 G - an uncursed amulet of guardian spirit
 K - the ring of Zeceff {Int-2 Slay+5 Stlth-}
   (You found it on level 9 of the Dungeon)

   [ring of loudness]

   It affects your intelligence (-2).
   It affects your accuracy and damage with ranged weapons and melee attacks
   (+5).
   It makes you less stealthy.
Magical devices
 s - a wand of paralysis (14)
 t - a wand of disintegration (14)
 z - a wand of digging (13)
 C - a wand of disintegration (16)
 F - a wand of disintegration (15)
 I - a wand of lightning (7)
 M - a wand of teleportation (3)
 Q - a wand of fireball (9)
 S - a wand of fireball (4)
 X - a wand of digging (6)
Scrolls
 g - 8 scrolls of fear
 i - 11 scrolls of remove curse
 j - a scroll of summoning
 k - a scroll of holy word
 o - 9 scrolls of enchant armour
 v - 12 scrolls of teleportation
 y - 7 scrolls of identify
 N - 2 scrolls of blinking
 O - 4 scrolls of magic mapping
 U - 6 scrolls of fog
 W - a scroll of brand weapon
Potions
 c - 2 potions of curing
 e - a potion of haste
 f - 2 potions of resistance
 m - 2 potions of berserk rage
 p - 10 potions of restore abilities
 Y - 3 potions of heal wounds
Books
 q - a manual of Maces & Flails
Miscellaneous
 L - a legendary deck of summoning {the Pentagram, drawn: 1}
 P - a disc of storms
Comestibles
 d - 9 bread rations
 n - 22 meat rations
 H - 12 slices of pizza


   Skills:
 + Level 18.6 Fighting
 + Level 24.0 Axes
 - Level 16.0 Armour
 - Level 6.0 Dodging
   Level 12.1 Shields
 - Level 8.0 Invocations
 * Level 14.5 Evocations


You had 21 spell levels left.
You knew the following spells:

 Your Spells              Type           Power        Failure   Level  Hunger
a - Apportation           Tloc           #.........   100%        1    ##.....


Dungeon Overview and Level Annotations

Branches:
Dungeon (15/15)            Temple (1/1) D:4            Lair (8/8) D:9
  Swamp (5/5) Lair:4        Snake (5/5) Lair:6        Slime (0/6) Lair:7
    Orc (4/4) D:12            Elf (3/3) Orc:3        Vaults (4/5) D:14
  Crypt (1/3) Vaults:3     Depths (0/5) D:15

Altars:
Ashenzari
Cheibriados
Dithmenos
Elyvilon
Fedhas
Gozag
Kikubaaqudgha
Makhleb
Nemelex Xobeh
Okawaru
Qazlal
Ru
Sif Muna
Trog
Vehumet
Xom
Yredelemnul
Zin
The Shining One

Shops:
D:6 =   D:7 (   D:9 ?   D:11 *([(:   Orc:2 =   Orc:4 ((?:   Elf:3 *   Snake:3 [
Vaults:1 [   Vaults:2 ?   Vaults:3 [


Innate Abilities, Weirdness & Mutations

You are resistant to torment.
You are immune to poison.
You can fly continuously.
Your stone body is very resilient (AC +17).
Your wings are large and strong.
You resist negative energy.
You are resistant to electric shocks.
You can survive without breathing.
You are immune to petrification.
You are immune to rotting.


Message History

The vault warden activates a sealing rune. x2
A door slams shut!
You slice the vault warden like a ripe choko!!!
You freeze the vault warden.
The vault warden is heavily wounded.
The vault warden hits you with a dire flail!
You completely miss the vault warden.
The vault warden is heavily wounded.
You hit the vault warden. You freeze the vault warden.
The vault warden is heavily wounded.
The vault warden hits you but does no damage.
You chop the vault warden into pieces!!!!
You freeze the vault warden!
You kill the vault warden!
The runic seals fade away.
A frost giant opens the door.
Things that are here:
a dire flail; a chain mail; a human corpse The frost giant points at you and mumbles some strange words.
The bolt of cold hits you!
You feel a terrible chill!
You die...

#.....+.)##..#
#.....+)(# .#
#.....###..# ..
##############...).#
..# .#
.................))#
### #
...................#
...................#
................)..#
................@..#
###############C####
.# #. .# .. .# ##.
.# .. .# #' .# '. ##
'


You could see a frost giant.

Vanquished Creatures
  Saint Roka (Vaults:3)
  2 bone dragons
  2 Brimstone Fiends
  An Ice Fiend (IceCv)
  9 titans
  4 deep elf blademasters
  6 deep elf master archers
  A Shadow Fiend (Elf:3)
  2 sphinxes
  An ancient champion (Crypt:1)
  4 tentacled starspawn (Abyss:1)
  An Executioner (Abyss:1)
  A tengu reaver (Vaults:4)
  Agnes (Swamp:4)
  Kirke (Swamp:4)
  4 thorn hunters
  Roxanne (D:15)
  8 greater nagas
  A balrug (Vaults:2)
  10 fire giants
  Wiglaf (Vaults:2)
  A draconian scorcher (Abyss:1)
  12 frost giants
  Aizul (Swamp:1)
  Louise (Swamp:4)
  11 deep elf sorcerers
  11 vault wardens
  A curse skull (Crypt:1)
  A spriggan defender (Vaults:2)
  3 ghouls (Crypt:1)
  The ghost of comborobin the Brawler, a powerful MiTm of Cheibriados (Swamp:5)
  2 very ugly things (Vaults:1)
  21 stone giants
  8 ironheart preservers
  An ophan (Abyss:1)
  2 green draconians
  A lorocyproca (Abyss:1)
  A vampire knight (Vaults:2)
  A war gargoyle (Vaults:4)
  2 grey draconians
  7 deep elf demonologists
  A mottled draconian (Vaults:2)
  A red draconian (Vaults:3)
  2 purple draconians
  8 deep elf annihilators
  A blizzard demon (Vaults:2)
  An unborn (Vaults:3)
  An eidolon (Abyss:1)
  8 vault guards
  2 ettins
  6 deep elf death magi
  5 yaktaur captains
  3 fire dragons
  A minotaur (Lab)
  2 great orbs of eyes
  A jiangshi (Crypt:1)
  A deep elf high priest (Elf:3)
  14 hydras
  12 naga warriors
  An ice dragon (Vaults:3)
  7 centaur warriors
  2 rakshasas (Vaults:1)
  2 deep troll earth magi (Vaults:3)
  2 death knights
  16 dancing weapons
  A deep troll shaman (Vaults:2)
  5 ghost crabs
  8 ogre magi
  A tengu warrior (D:14)
  6 shock serpents
  4 alligators
  9 anacondas
  A death yak (Lair:6)
  A spriggan berserker (Swamp:2)
  2 sun demons
  26 naga sharpshooters
  5 orc high priests
  3 thrashing horrors (Abyss:1)
  A titan skeleton (Crypt:1)
  Nergalle (Lair:7)
  3 hell knights
  8 soul eaters (Crypt:1)
  6 skeletal warriors
  A wretched star (Abyss:1)
  2 shadow wraiths (Crypt:1)
  A fire crab (Vaults:2)
  3 giant orange brains
  A spatial maelstrom (Abyss:1)
  31 deep elf knights
  8 ice devils
  Erolcha (Orc:2)
  4 unseen horrors
  14 naga ritualists
  A shambling mangrove (Swamp:4)
  A golden dragon zombie (Crypt:1)
  A death drake (Swamp:5)
  A necromancer (Crypt:1)
  8 hill giants
  8 deep elf summoners
  An ice statue (IceCv)
  2 spectral hydras (Swamp:5)
  Pikel (D:8)
  6 deep trolls
  19 orc knights
  8 ugly things
  13 ironbrand convokers
  9 harpies
  5 swamp dragons
  8 hornets
  13 deep elf conjurers
  3 ugly thing zombies (Vaults:3)
  2 griffons
  9 orc sorcerers
  4 wizards
  A fire giant zombie (Abyss:1)
  8 mana vipers
  5 salamanders
  A manticore (shapeshifter) (Elf:2)
  A sixfirhy (Elf:3)
  16 elephants
  An apocalypse crab (Abyss:1)
  4 wolf spiders
  3 phantasmal warriors
  A guardian serpent (Snake:4)
  A storm dragon simulacrum (Vaults:3)
  2 iron dragon skeletons (Crypt:1)
  Joseph (D:8)
  A black mamba (shapeshifter) (D:14)
  4 orange demons
  6 smoke demons (Abyss:1)
  3 cyclopes (Vaults:2)
  39 naga magi
  6 centaur skeletons
  A torpor snail (Lair:6)
  11 vault sentinels
  A spectral spriggan (Swamp:3)
  2 kobold demonologists (Vaults:3)
  13 spiny frogs
  Psyche (D:8)
  A gargoyle (D:15)
  3 demonic crawlers
  A redback zombie (D:10)
  37 black mambas
  The ghost of Typee the Conjurer, an experienced HuCj (D:4)
  2 swamp worm zombies (Swamp:5)
  26 yaktaurs
  A tormentor (Abyss:1)
  2 efreet
  2 hellwings (Abyss:1)
  A yaktaur (shapeshifter) (Vaults:3)
  3 tengu conjurers
  9 komodo dragons
  A grey draconian skeleton (Crypt:1)
  2 ancient zymes (Abyss:1)
  3 spriggan druids
  2 jumping spiders (Elf:1)
  18 deep elf priests
  A jumping spider (shapeshifter) (Vaults:4)
  4 wandering mushrooms (Lab)
  4 hydra zombies (Swamp:5)
  33 slime creatures
  4 anaconda simulacra (IceCv)
  A minotaur zombie (Lab)
  A queen bee (Lair:2)
  8 trolls
  17 two-headed ogres
  Sonja (Orc:3)
  A polar bear (shapeshifter) (Abyss:1)
  3 blue devils
  4 polar bears
  13 freezing wraiths
  9 raiju (Abyss:1)
  23 blink frogs
  10 ravens
  A troll (shapeshifter) (Vaults:4)
  4 boulder beetles
  24 bog bodies
  A trapdoor spider (D:13)
  5 giant leeches
  An iron dragon simulacrum (Abyss:1)
  6 alligator zombies (Swamp:5)
  2 fire giant simulacra (Vaults:1)
  2 spectral swamp dragons (Swamp:5)
  10 large abominations (Abyss:1)
  4 basilisks (Lab)
  A human simulacrum (Vaults:2)
  7 wraiths
  8 redbacks
  A ynoxinul (Elf:3)
  3 fire bats (Abyss:1)
  12 starcursed masses (Abyss:1)
  4 wyverns
  A black mamba zombie (Crypt:1)
  4 tarantellas
  15 spriggans
  A wyvern (shapeshifter) (Vaults:4)
  33 deep elf fighters
  23 shadows
  35 deep elf magi
  15 hippogriffs
  2 hogs (shapeshifter)
  A human (D:7)
  2 steam dragons
  A neqoxec (Abyss:1)
  2 dire elephant simulacra (IceCv)
  A golden eye (Abyss:1)
  38 vampire mosquitoes
  3 chaos spawn (Abyss:1)
  80 yaks
  3 hogs (Swamp:4)
  25 wolves
  A spatial vortex (Abyss:1)
  A mottled dragon (D:14)
  61 nagas
  4 hungry ghosts
  Edmund (D:8)
  6 insubstantial wisps (Swamp:5)
  24 swamp worms
  A spectral spiny frog (Swamp:5)
  4 iron troll simulacra (IceCv)
  9 wargs
  A hippogriff (shapeshifter) (Vaults:4)
  7 porcupines
  4 slaves (D:8)
  29 water moccasins
  6 black bears
  3 harpy simulacra (IceCv)
  7 swamp drakes
  6 spiders (Snake:2)
  41 orc warriors
  2 sky beasts
  A soldier ant (D:14)
  12 wasps
  5 hydra simulacra (IceCv)
  8 ice beasts
  An ettin simulacrum (IceCv)
  38 ogres
  3 necrophages
  3 swamp dragon zombies (Swamp:5)
  14 big kobolds
  6 small abominations (Abyss:1)
  5 boggarts
  A boring beetle (Lair:8)
  14 centaurs
  3 eyes of draining
  An elephant skeleton (Crypt:1)
  A snapping turtle skeleton (Abyss:1)
  11 phantoms
  A brain worm (D:12)
  2 wyvern zombies (D:14)
  A big kobold (shapeshifter) (Elf:3)
  11 crocodiles
  A vine stalker skeleton (Crypt:1)
  23 giant frogs
  9 jellies
  8 scorpions
  A wyvern skeleton (D:14)
  A spectral crocodile (Swamp:3)
  21 killer bees
  2 troll skeletons (Lab)
  An elephant simulacrum (IceCv)
  2 yak skeletons (Orc:4)
  A polar bear skeleton (Crypt:1)
  6 wights
  An electric eel (Lair:7)
  A spriggan skeleton (Lab)
  2 centaur zombies
  3 draconian simulacra (IceCv)
  8 crimson imps
  6 goliath beetles
  29 orc priests
  A wasp zombie (D:9)
  A giant frog zombie (D:13)
  8 hounds
  A human zombie (Abyss:1)
  5 iguanas
  40 orc wizards
  9 quasits
  A giant frog skeleton (D:13)
  15 hell rats
  A spriggan simulacrum (IceCv)
  5 troll simulacra (IceCv)
  16 worker ants
  A polar bear simulacrum (IceCv)
  2 spectral swamp drakes (Swamp:5)
  27 sheep
  A centaur simulacrum (IceCv)
  2 killer bee zombies
  A hound zombie (D:11)
  2 ogre skeletons (Lab)
  A mummy (D:8)
  33 adders
  3 gnolls (D:9)
  2 swamp drake zombies (Swamp:5)
  77 river rats
  7 giant mites
  7 white imps
  3 ogre simulacra (IceCv)
  A shadow imp (D:7)
  13 ufetubi
  A worm (D:4)
  2 adder zombies
  7 orc zombies (Orc:4)
  A halfling skeleton (Crypt:1)
  An adder skeleton (D:6)
  3 giant geckos
  5 oozes
  201 orcs
  A ball python (D:6)
  17 bats
  9 giant cockroaches
  22 hobgoblins
  14 jackals
  36 kobolds
  11 quokkas
  A giant gecko skeleton (D:5)
  A giant gecko zombie (Crypt:1)
  4 giant newts
  A giant newt skeleton (Crypt:1)
  16 goblins
  2 jackal zombies (D:9)
  14 rats
  10 rat skeletons (Orc:4)
  2 spectral orcs (Lair:7)
  A briar patch (Swamp:4)
  A butterfly (D:8)
  7 fungi
  6 plants
  4 starspawn tentacles (Abyss:1)
2470 creatures vanquished.

Vanquished Creatures (collateral kills)
  A ynoxinul (Abyss:1)
  4 starcursed masses (Abyss:1)
  An ufetubus (Abyss:1)
6 creatures vanquished.

Vanquished Creatures (others)
  3 frost giants
  A fire giant (Vaults:4)
  An unseen horror (D:13)
  A black mamba (Lair:7)
  A spiny frog (Lair:7)
  A bog body (Swamp:5)
  A naga (Snake:2)
  A swamp worm (Swamp:3)
  A spider (Snake:2)
  A swamp drake (Swamp:4)
  An orc warrior (Vaults:3)
  5 lost souls
  2 river rats (Lair:7)
  An ufetubus (Elf:3)
  An orc (Vaults:1)
  A quokka (D:5)
  A rat skeleton (Orc:4)
  4 briar patches
  A bush (Lair:7)
  18 fungi
  4 plants
  6 starspawn tentacles (Abyss:1)
  86 starspawn tentacle segments (Abyss:1)
143 creatures vanquished.

Grand Total: 2619 creatures vanquished

Notes
Turn   | Place    | Note
--------------------------------------------------------------
     0 | D:1      | Razmath, the Gargoyle Fighter, began the quest for the Orb.
     0 | D:1      | Reached XP level 1. HP: 14/14 MP: 1/1
    67 | D:1      | Reached XP level 2. HP: 12/19 MP: 2/2
   580 | D:1      | Reached XP level 3. HP: 23/23 MP: 3/3
  1318 | D:2      | Reached XP level 4. HP: 29/29 MP: 4/4
  1444 | D:2      | Reached skill level 4 in Shields
  2299 | D:3      | Reached XP level 5. HP: 27/33 MP: 5/5
  3013 | D:4      | Noticed an ogre
  3027 | D:4      | Killed an ogre
  3027 | D:4      | Reached skill level 5 in Shields
  3027 | D:4      | Reached XP level 6. HP: 9/38 MP: 6/6
  3085 | D:4      | Noticed Typee's ghost (experienced HuCj)
  3283 | D:4      | Found a shadowy altar of Dithmenos.
  3336 | D:4      | Killed Typee's ghost
  3336 | D:4      | Reached skill level 5 in Armour
  3336 | D:4      | Reached skill level 6 in Shields
  3336 | D:4      | Reached XP level 7. HP: 21/43 MP: 7/7
  3707 | D:4      | Found a basalt altar of Yredelemnul.
  3748 | D:4      | Found a staircase to the Ecumenical Temple.
  3770 | Temple   | Entered the Ecumenical Temple
  3805 | Temple   | Became a worshipper of Warmaster Okawaru
  4118 | D:4      | Noticed a phantom
  4137 | D:4      | Killed a phantom
  4137 | D:4      | Reached skill level 5 in Axes
  4391 | D:5      | Entered Level 5 of the Dungeon
  4407 | D:5      | Reached XP level 8. HP: 39/48 MP: 8/8
  4551 | D:5      | Acquired Okawaru's first power
  4649 | D:5      | Found a white marble altar of Elyvilon.
  5419 | D:6      | Found Yshrem's Jewellery Boutique.
  5446 | D:6      | Found a blossoming altar of Fedhas.
  5451 | D:6      | Found a snail-covered altar of Cheibriados.
  6022 | D:6      | Reached skill level 7 in Axes
  6342 | D:7      | Reached XP level 9. HP: 46/52 MP: 9/9
  6406 | D:7      | Reached skill level 8 in Axes
  6801 | D:7      | Found Kigiylir's Antique Weapon Shoppe.
  6902 | D:7      | Found a sacrificial altar of Ru.
  6918 | D:7      | Learned a level 1 spell: Apportation
  7030 | D:7      | Reached skill level 9 in Axes
  7216 | D:8      | Noticed Pikel
  7234 | D:8      | Killed Pikel
  7308 | D:8      | Reached skill level 1 in Invocations
  7486 | D:8      | Noticed Edmund
  7487 | D:8      | Noticed Psyche
  7596 | D:8      | Reached skill level 10 in Axes
  7596 | D:8      | Reached XP level 10. HP: 58/58 MP: 10/12
  7643 | D:8      | Killed Psyche
  7643 | D:8      | Reached skill level 5 in Fighting
  7785 | D:8      | Noticed Joseph
  7814 | D:8      | Killed Joseph
  8127 | D:8      | Killed Edmund
  8129 | D:8      | Found a runed door.
  8133 | D:8      | Found a runed door.
  8378 | D:9      | Found a shimmering altar of Xom.
  8379 | D:9      | Found a burning altar of Makhleb.
  8471 | D:9      | Got a clouded lapis lazuli ring
  8473 | D:9      | Identified the ring of Zeceff {Int-2 Slay+5 Stlth-} (You found it on level 9 of the Dungeon)
  8489 | D:9      | Reached skill level 11 in Axes
  8519 | D:9      | Reached XP level 11. HP: 41/64 MP: 9/17
  8673 | D:9      | Reached skill level 12 in Axes
  8687 | D:9      | Found Twu Tykidd's Magic Scroll Boutique.
  8816 | D:9      | Acquired Okawaru's second power
  8871 | D:9      | Found a radiant altar of Vehumet.
  9043 | D:9      | Found a staircase to the Lair.
  9174 | D:10     | Entered Level 10 of the Dungeon
  9193 | D:10     | Identified a scroll of acquirement
  9374 | D:6      | Bought a +5 ring of protection for 550 gold pieces
  9585 | Lair:1   | Entered Level 1 of the Lair of Beasts
 10130 | Lair:1   | Noticed an eight-headed hydra
 10584 | D:11     | Reached skill level 5 in Invocations
 10593 | D:11     | Found Crom's Assorted Antiques.
 10621 | D:11     | Bought a pair of runed gloves for 135 gold pieces
 10744 | D:11     | Found Wiacias' Armour Emporium.
 10747 | D:11     | Noticed a skeletal warrior
 10747 | D:11     | Noticed a skeletal warrior
 10747 | D:11     | Noticed a skeletal warrior
 10757 | D:11     | Noticed a skeletal warrior
 10764 | D:11     | Killed a skeletal warrior
 10764 | D:11     | Reached skill level 13 in Axes
 10773 | D:11     | Killed a skeletal warrior
 10773 | D:11     | Reached XP level 12. HP: 22/73 MP: 6/20
 11036 | D:11     | Killed a skeletal warrior
 11036 | D:11     | Received a gift from Okawaru
 11036 | D:11     | Reached skill level 10 in Armour
 11043 | D:11     | Killed a skeletal warrior
 11046 | D:11     | Got a steaming chain mail {god gift}
 11060 | D:11     | Identified the +1 chain mail of Okawaru's Reproof {MR+ Stlth+} (Okawaru gifted it to you on level 11 of the Dungeon)
 11135 | Lair:1   | Killed a three-headed hydra
 11513 | Lair:2   | Noticed a five-headed hydra
 11526 | Lair:2   | Killed a one-headed hydra
 13453 | Lair:4   | Found a staircase to the Swamp.
 13657 | Lair:4   | Reached skill level 14 in Axes
 13823 | Lair:4   | Received a gift from Okawaru
 13823 | Lair:4   | Reached XP level 13. HP: 80/80 MP: 24/24
 13826 | Lair:4   | Got a slimy broad axe {god gift}
 13828 | Lair:4   | Identified the +8 broad axe of the Moth {antimagic, Int+3 Stlth-} (Okawaru gifted it to you on level 4 of the Lair of Beasts)
 15054 | Lair:6   | Received a gift from Okawaru
 15321 | Lair:6   | Reached skill level 10 in Fighting
 15402 | Lair:6   | Found a staircase to the Snake Pit.
 16075 | Lair:7   | Received a gift from Okawaru
 16150 | Lair:7   | Noticed Nergalle
 16184 | Lair:7   | Killed Nergalle
 16184 | Lair:7   | Reached skill level 15 in Axes
 16184 | Lair:7   | Gained mutation: Your wings are large and strong. [gargoyle growth]
 16184 | Lair:7   | Reached XP level 14. HP: 66/88 MP: 23/25
 16429 | Lair:7   | Found a staircase to the Slime Pits.
 17179 | Lair:8   | Entered Level 8 of the Lair of Beasts
 17485 | Lair:8   | Reached skill level 15 in Armour
 17543 | Lair:8   | Received a gift from Okawaru
 17556 | Lair:8   | Got a translucent cloak {god gift}
 17567 | Lair:8   | Identified the +0 cloak of the Elven Halls {Str+3} (Okawaru gifted it to you on level 8 of the Lair of Beasts)
 18405 | D:11     | Found Oleosuix's Weapon Shoppe.
 18448 | D:11     | Found Qofar's Book Boutique.
 18500 | D:11     | Noticed a hill giant
 18507 | D:11     | Killed a hill giant
 18537 | D:11     | Noticed an eight-headed hydra
 18549 | D:11     | Killed a 15-headed hydra
 18549 | D:11     | Reached skill level 16 in Axes
 18708 | D:11     | Got an iridescent scimitar
 18736 | D:11     | Found Skiac's Antique Weapon Shop.
 19036 | D:12     | Found a labyrinth entrance.
 19052 | D:12     | Reached skill level 1 in Dodging
 19060 | Lab      | Entered a labyrinth
 19105 | Lab      | Received a gift from Okawaru
 19231 | Lab      | Reached skill level 1 in Evocations
 19233 | Lab      | Found an exit through the horrors of the Abyss.
 19581 | Lab      | Reached XP level 15. HP: 94/94 MP: 18/26
 19589 | Lab      | Identified the +4 scimitar of the Spider {freeze, rElec rF+ Str+4 Stlth-} (You found it on level 11 of the Dungeon)
 19624 | Lab      | Identified a +6 rod of inaccuracy (9/9) (You found it in a labyrinth)
 19630 | Lab      | Got a shimmering long sword
 19631 | Lab      | Identified the +9 long sword of Akoeqoph {drain, rPois Str-5 Int+2} (You found it in a labyrinth)
 19913 | D:12     | Found a staircase to the Orcish Mines.
 20212 | Orc:1    | Entered Level 1 of the Orcish Mines
 20882 | Orc:3    | Found a staircase to the Elven Halls.
 20910 | Orc:3    | Noticed Sonja
 21115 | Orc:2    | Found Ameri's Jewellery Emporium.
 21129 | Orc:2    | Noticed Erolcha
 21135 | Orc:2    | Killed Erolcha
 21139 | Orc:2    | Bought the ring "Straasump" {AC+4 Dex+5} for 695 gold pieces
 21378 | Orc:4    | Entered Level 4 of the Orcish Mines
 21590 | Orc:3    | Killed Sonja
 21971 | Orc:4    | Found Rosap's Weapon Shoppe.
 21972 | Orc:4    | Gained mutation: You are frail (-10% HP). [a neqoxec]
 21989 | Orc:4    | Received a gift from Okawaru
 21998 | Orc:4    | Got a smoking battleaxe {god gift}
 22007 | Orc:4    | Found Straopal's Weapon Shop.
 22009 | Orc:4    | Found Juroahosso's Magic Scroll Shop.
 22009 | Orc:4    | Found Twaisui's Book Shoppe.
 22016 | Orc:4    | Identified the +3 battleaxe of Umyhum {freeze, Contam rPois rC- Str+8} (Okawaru gifted it to you on level 4 of the Orcish Mines)
 22172 | Orc:4    | Gained mutation: Your mind is acute. (Int +2) [potion of mutation]
 22172 | Orc:4    | Gained mutation: You tend to lose your temper in combat. [potion of mutation]
 22172 | Orc:4    | Gained mutation: You are weak. (Str -2) [potion of mutation]
 22202 | Orc:4    | Gained mutation: Your body is slowly deteriorating. [mutagenic glow]
 23424 | D:14     | Found an iron altar of Okawaru.
 23541 | D:14     | Received a gift from Okawaru
 23588 | D:14     | Reached skill level 17 in Axes
 23777 | D:14     | Found a gate to the Vaults.
 23851 | D:14     | Received a gift from Okawaru
 23852 | D:14     | Got a faintly humming scale mail {god gift}
 23863 | D:14     | Identified the +4 scale mail of the King of the Hill {rElec rPois Regen+ Int-3} (Okawaru gifted it to you on level 14 of the Dungeon)
 23949 | D:14     | Found a sparkling altar of Nemelex Xobeh.
 24342 | D:15     | Entered Level 15 of the Dungeon
 24452 | D:15     | Noticed Roxanne
 24493 | D:15     | Killed Roxanne
 24581 | D:15     | Reached skill level 10 in Shields
 24654 | D:15     | Reached XP level 16. HP: 90/90 MP: 27/27
 24686 | D:15     | Found a staircase to the Depths.
 24984 | D:11     | Bought a fuming silvery potion for 27 gold pieces
 24984 | D:11     | Bought a glowing ruby potion for 27 gold pieces
 24984 | D:11     | Bought a scroll labeled OCECVI NUMUW for 30 gold pieces
 24987 | D:11     | Lost mutation: Your mind is acute. (Int +2) [potion of cure mutation]
 24987 | D:11     | Lost mutation: Your body is slowly deteriorating. [potion of cure mutation]
 24987 | D:11     | Lost mutation: You are frail (-10% HP). [potion of cure mutation]
 24987 | D:11     | Lost mutation: You tend to lose your temper in combat. [potion of cure mutation]
 25242 | Swamp:1  | Entered Level 1 of the Swamp
 25334 | Swamp:1  | Identified the Catalogue of Bewitchment (You found it on level 1 of the Swamp)
 25645 | Swamp:1  | Noticed Aizul
 25664 | Swamp:1  | Killed Aizul
 26037 | Swamp:2  | Reached skill level 5 in Evocations
 26217 | Swamp:2  | Noticed a thorn hunter
 26221 | Swamp:2  | Killed a thorn hunter
 26358 | Swamp:2  | Noticed a thorn hunter
 26378 | Swamp:2  | Killed a thorn hunter
 26378 | Swamp:2  | Reached skill level 5 in Dodging
 26700 | Swamp:2  | Received a gift from Okawaru
 27062 | Swamp:3  | Got a smoking helmet
 27073 | Swamp:3  | Identified the +2 helmet "Orig" {Contam MR+ Int+3 Slay+2 Stlth-} (You acquired it on level 3 of the Swamp)
 27472 | Swamp:4  | Noticed Agnes
 27478 | Swamp:4  | Killed Agnes
 27478 | Swamp:4  | Reached skill level 18 in Axes
 27552 | Swamp:4  | Noticed Louise
 27565 | Swamp:4  | Killed Louise
 27593 | Swamp:4  | Noticed a thorn hunter
 27618 | Swamp:4  | Killed a thorn hunter
 27744 | Swamp:4  | Reached XP level 17. HP: 104/104 MP: 28/28
 27982 | Swamp:4  | Noticed Kirke
 27989 | Swamp:4  | Killed Kirke
 27989 | Swamp:4  | Received a gift from Okawaru
 28301 | Swamp:5  | Entered Level 5 of the Swamp
 28340 | Swamp:5  | Noticed comborobin's ghost (powerful MiTm)
 28363 | Swamp:5  | Killed comborobin's ghost
 28762 | Swamp:5  | Noticed a bone dragon
 28794 | Swamp:5  | Killed a bone dragon
 28873 | Swamp:5  | Got a decaying rune of Zot
 29463 | Snake:1  | Entered Level 1 of the Snake Pit
 29856 | Snake:1  | Found a basalt altar of Yredelemnul.
 29971 | Snake:1  | Received a gift from Okawaru
 30220 | Snake:1  | Reached skill level 19 in Axes
 30695 | Snake:2  | Found a frozen archway.
 30716 | IceCv    | Entered an ice cave
 31282 | IceCv    | Reached XP level 18. HP: 98/113 MP: 29/29
 31400 | IceCv    | Noticed an Ice Fiend
 31414 | IceCv    | Killed an Ice Fiend
 32381 | Snake:3  | Received a gift from Okawaru
 33251 | Snake:3  | Found Obborolut's Antique Armour Emporium.
 33826 | Snake:5  | Entered Level 5 of the Snake Pit
 34060 | Snake:5  | Reached skill level 20 in Axes
 34087 | Snake:5  | Received a gift from Okawaru
 34390 | Snake:5  | Reached skill level 10 in Evocations
 34390 | Snake:5  | Reached XP level 19. HP: 52/120 MP: 31/31
 34611 | Snake:5  | Got a serpentine rune of Zot
 34669 | Snake:5  | Received a gift from Okawaru
 34677 | Snake:5  | Got a dazzling scale mail {god gift}
 34688 | Snake:5  | Identified the +0 scale mail of Hishoqeox {rN+ MP+9 Dex-2} (Okawaru gifted it to you on level 5 of the Snake Pit)
 35669 | Elf:1    | Entered Level 1 of the Elven Halls
 35971 | Elf:1    | Got a pair of brightly glowing gloves
 35972 | Elf:1    | Identified the +1 pair of gloves of the Lair of Beasts {Dex+6} (You found it on level 1 of the Elven Halls)
 36977 | Elf:2    | Found a runed gate.
 36977 | Elf:2    | Found a runed gate.
 36977 | Elf:2    | Found a runed gate.
 37148 | Elf:2    | Reached skill level 21 in Axes
 37278 | Elf:2    | Reached skill level 15 in Fighting
 37312 | Elf:2    | Reached XP level 20. HP: 78/129 MP: 32/32
 37572 | Elf:3    | Entered Level 3 of the Elven Halls
 37601 | Elf:3    | Received a gift from Okawaru
 37610 | Elf:3    | Found Yfep's Assorted Antiques.
 38497 | Elf:3    | Received a gift from Okawaru
 38505 | Elf:3    | Got a smoking crystal plate armour {god gift}
 38517 | Elf:3    | Identified the +0 crystal plate armour of Okawaru's Indignation {+Inv rPois rC- Str+3} (Okawaru gifted it to you on level 3 of the Elven Halls)
 38609 | Elf:3    | HP: 6/130 [deep elf annihilator/crystal spear (28)]
 38644 | Elf:3    | HP: 1/130 [ghostly deep elf annihilator/iron shot (24)]
 39655 | Elf:3    | Got a vibrating brass ring
 39657 | Elf:3    | Identified the ring of Wepnevael {+/*Tele rPois rF- Stlth+} (You found it on level 3 of the Elven Halls)
 40128 | D:9      | Bought a scroll of enchant weapon for 82 gold pieces
 40493 | Snake:3  | Bought a crude storm dragon armour for 3145 gold pieces
 40503 | Snake:3  | Identified the cursed -8 storm dragon armour of Vexation {rElec Str+2} (You bought it in a shop on level 3 of the Snake Pit)
 41257 | Vaults:1 | Entered Level 1 of the Vaults
 41560 | Vaults:1 | Received a gift from Okawaru
 41818 | Vaults:1 | Found Wipt's Armour Shop.
 41832 | Vaults:1 | Reached skill level 22 in Axes
 41920 | Vaults:1 | Reached XP level 21. HP: 130/136 MP: 34/34
 42096 | Vaults:1 | Received a gift from Okawaru
 42495 | Vaults:2 | Cast into the Abyss (an ogre mage)
 42497 | Abyss:1  | Found a corrupted altar of Lugonu.
 42785 | Abyss:1  | Identified the Collected Works on the Harmful Glacier
 42902 | Abyss:1  | Found a corrupted altar of Lugonu.
 43752 | Abyss:1  | Paralysed by you for 2 turns
 43779 | Abyss:1  | Gained mutation: Your body is slowly deteriorating. [mutagenic glow]
 43973 | Abyss:1  | Found a corrupted altar of Lugonu.
 44153 | Abyss:1  | Paralysed by accursed screaming for 1 turns
 44405 | Abyss:2  | Found a corrupted altar of Lugonu.
 44428 | Vaults:2 | Escaped the Abyss
 44572 | Vaults:2 | Found Blinoi's Magic Scroll Shoppe.
 44578 | Vaults:2 | Bought a scroll of enchant weapon for 90 gold pieces
 44578 | Vaults:2 | Bought 3 scrolls of enchant armour for 270 gold pieces
 44645 | Vaults:2 | Noticed Wiglaf
 44654 | Vaults:2 | Received a gift from Okawaru
 44704 | Vaults:2 | Killed Wiglaf
 44760 | Vaults:2 | Lost mutation: Your body is slowly deteriorating. [potion of cure mutation]
 44760 | Vaults:2 | Lost mutation: You are weak. (Str -2) [potion of cure mutation]
 44764 | Vaults:2 | Got an ichor-stained hat
 44766 | Vaults:2 | Identified the cursed +0 hat of Ryaffoir {rF- rC+ Int+4 Dex+2} (You found it on level 2 of the Vaults)
 45175 | Vaults:2 | Received a gift from Okawaru
 45495 | Vaults:2 | Reached XP level 22. HP: 140/145 MP: 35/35
 45497 | Vaults:2 | Reached skill level 23 in Axes
 46254 | Temple   | Fell from the grace of Okawaru
 46254 | Temple   | Became a worshipper of the Shining One
 48147 | Vaults:3 | Noticed Saint Roka
 48151 | Vaults:3 | Acquired the Shining One's first power
 48165 | Vaults:3 | Killed Saint Roka
 48321 | Vaults:3 | Found Aceh's Antique Armour Emporium.
 49250 | Vaults:3 | Acquired the Shining One's second power
 49583 | Vaults:3 | Found a staircase to the Crypt.
 49613 | Crypt:1  | Entered Level 1 of the Crypt
 50562 | Crypt:1  | Acquired the Shining One's third power
 50921 | Crypt:1  | Acquired the Shining One's fourth power
 52111 | Vaults:4 | Was forgiven by Okawaru
 52206 | Vaults:4 | Reached XP level 23. HP: 143/153 MP: 37/37
 52378 | Vaults:4 | Reached skill level 24 in Axes
 52461 | Vaults:4 | Killed from afar by a frost giant

Action                   |  1- 3 |  4- 6 |  7- 9 | 10-12 | 13-15 | 16-18 | 19-21 | 22-24 || total
-------------------------+-------+-------+-------+-------+-------+-------+-------+-------++-------
Melee: War axe           |   121 |   249 |   531 |   743 |       |       |       |       ||  1644
       Long sword        |       |       |       |    12 |    29 |    29 |       |       ||    70
       Broad axe         |       |       |       |       |  1231 |  1286 |       |       ||  2517
       Unarmed           |       |       |       |       |    15 |       |       |       ||    15
       Executioner's axe |       |       |       |       |       |    73 |  1349 |   775 ||  2197
Throw: Javelin           |       |       |     6 |       |       |       |       |       ||     6
Invok: Heroism           |       |       |     3 |    10 |     8 |    10 |    16 |       ||    47
       Finesse           |       |       |       |       |     3 |     1 |     7 |       ||    11
       Divine Shield     |       |       |       |       |       |       |       |     2 ||     2
 Abil: Fly               |       |       |       |       |     1 |     1 |       |       ||     2
Evoke: Wand              |       |       |       |       |       |     6 |       |       ||     6
       Rod               |       |       |       |       |       |     4 |       |       ||     4
       Deck              |       |       |       |       |       |       |     1 |       ||     1
  Use: Potion            |       |     1 |     1 |       |     7 |     1 |    13 |     7 ||    30
       Scroll            |       |       |     8 |    11 |    28 |    23 |    17 |     2 ||    89
 Stab: Invisible         |       |       |       |       |       |       |     1 |       ||     1
       Paralysed         |       |       |       |       |       |       |     1 |       ||     1
  Eat: Chunk             |     1 |     4 |    14 |    17 |    14 |       |     5 |     1 ||    56
       Bread ration      |       |     1 |       |     1 |     1 |     3 |     4 |     4 ||    14
       Beef jerky        |       |       |       |     1 |     4 |     1 |     1 |     1 ||     8
       Fruit             |       |       |       |       |     5 |    15 |     9 |       ||    29
       Royal jelly       |       |       |       |       |     5 |     2 |     1 |       ||     8
       Pizza             |       |       |       |       |       |     2 |     1 |       ||     3
       Meat ration       |       |       |       |       |       |       |     1 |     1 ||     2
